 Dungeon Crawl Stone Soup version 0.29.1-13-g9f3cf754e1 (webtiles) character file.

Game seed: 11920844777742193601

156 raph the Firebug (level 5, -2/28 HPs)
             Began as a Deep Elf Fire Elementalist on Feb 9, 2023.
             Slain by a hobgoblin (5 damage)
             ... on level 3 of the Dungeon.
             The game lasted 00:03:39 (2515 turns).

raph the Firebug (Deep Elf Fire Elementalist)       Turns: 2515, Time: 00:03:40

Health: -2/28      AC:  2    Str:  5    XL:     5   Next: 15%
Magic:  1/11       EV: 12    Int: 22    God:
Gold:   0          SH:  0    Dex: 15    Spells: 5/10 levels left

rFire   . . .      SeeInvis +   m - +2 dagger (venom)
rCold   . . .      Faith    .   (no shield)
rNeg    . . .      Spirit   .   a - +0 robe
rPois   .          Reflect  .   (no helmet)
rElec   .          Harm     .   (no cloak)
rCorr   .          Rampage  .   (no gloves)
Will    .....                   (no boots)
Stlth   ++........              (no amulet)
HPRegen 0.09/turn               g - ring of see invisible
MPRegen 0.12/turn               (no ring)

@: no status effects
A: no striking features
a: no special abilities


You were on level 3 of the Dungeon.
You visited 1 branch of the dungeon, and saw 3 of its levels.

You collected 32 gold pieces.
You spent 32 gold pieces at shops.

Inventory:

Hand Weapons
 c - a +0 dagger
 m - a +2 dagger of venom (weapon)
Missiles
 e - 4 poisoned darts
Armour
 a - a +0 robe (worn)
Jewellery
 g - a ring of see invisible (left hand)
Wands
 j - a wand of roots (5)
Scrolls
 d - a scroll of identify
Potions
 b - a potion of magic
 f - 3 potions of lignification
 i - a potion of attraction


   Skills:
 - Level 2.4 Dodging
 - Level 2.4 Stealth
 - Level 3.0 Spellcasting
 - Level 1.1 Conjurations
 + Level 6.5 Fire Magic


You had 5 spell levels left.
You knew the following spells:

 Your Spells              Type           Power      Damage    Failure   Level
a - Foxfire               Conj/Fire      80%        2x1d8     2%          1
b - Scorch                Fire           62%        2d8       1%          2
c - Passwall              Tmut/Erth      2%         N/A       19%         2

Your spell library contained the following spells:

 Spells                   Type           Power      Damage    Failure   Level
 Conjure Flame            Conj/Fire      20%        6-21      8%          3
 Inner Flame              Hex/Fire       17%        N/A       10%         3
 Ensorcelled Hibernation  Hex/Ice        6%         N/A       19%         2
 Flame Wave               Conj/Fire      20%        2d7       26%         4
 Frozen Ramparts          Ice            6%         1d1       36%         3
 Swiftness                Air            3%         N/A       36%         3
 Ice Form                 Ice/Tmut       3%         N/A       77%         4
 Summon Ice Beast         Ice/Summ       3%         N/A       77%         4


Dungeon Overview and Level Annotations

Branches:
Dungeon (3/15)

Altars:

Shops:
D:2 *


Message History

The foxfire hits the orc wizard.
The orc wizard is heavily wounded.
The foxfire hits the orc wizard.
You kill the orc wizard!
The foxfire hits the orc wizard.
The orc wizard is severely wounded.
The foxfire hits the orc wizard.
The orc wizard is almost dead.
The hobgoblin misses you.
Casting: Foxfire (safe; 2% risk of failure)
Confirm with . or Enter, or press ? or * to list all spells.
You conjure some foxfire!
The hobgoblin barely misses you. The orc wizard misses you.
You barely miss the orc wizard.
The orc wizard is almost dead.
The foxfire hits the orc wizard but does no damage.
The orc wizard is almost dead.
The foxfire hits the hobgoblin.
The hobgoblin is lightly wounded.
The hobgoblin closely misses you. The orc wizard casts a spell at you.
You resist with some effort.
You hit the orc wizard.
The orc wizard is poisoned.
The orc wizard is almost dead.
The hobgoblin hits you.
The orc wizard hits you with a +0 dagger.
You hit the hobgoblin but do no damage.
The hobgoblin is poisoned.
The hobgoblin hits you.
* * * LOW HITPOINT WARNING * * *
The orc wizard hits you with a +0 dagger.
* * * LOW HITPOINT WARNING * * *
The hobgoblin attacks as you move away! The hobgoblin completely misses you.
You kill the orc wizard!
You have reached level 5!
The hobgoblin attacks as you move away! The hobgoblin hits you.
* * * LOW HITPOINT WARNING * * *
A giant cockroach comes into view.
Okay, then.
The hobgoblin attacks as you move away! The hobgoblin hits you.
You die...

######## ##......##
##........# #..........
#.......... #..........
#†)@.....B. #..g.......
#####.........#
########....)..)......
###........#>)..........
....#######..#.)........
##### ##<..##..).......
##..####..........
##..## ##....[...


You could see a giant cockroach (wandering) and a hobgoblin (very poisoned).

Vanquished Creatures
  A howler monkey (D:2)
  Jessica (D:2)
  2 orc wizards (D:3)
  2 dart slugs (D:3)
  4 orcs (D:3)
  3 endoplasms (D:1)
  2 giant cockroaches
  2 goblins
  5 hobgoblins
  2 jackals (D:1)
  A ball python (D:3)
  3 bats
  3 frilled lizards
  2 kobolds
  4 rats
37 creatures vanquished.

Vanquished Creatures (others)
  97 foxfires
97 creatures vanquished.

Grand Total: 134 creatures vanquished

Notes
Turn   | Place    | Note
-------+----------+-------------------------------------------
     0 | D:1      | raph the Deep Elf Fire Elementalist began the quest for the
                  | Orb.
     0 | D:1      | Reached XP level 1. HP: 10/10 MP: 6/6
   495 | D:1      | Reached XP level 2. HP: 15/15 MP: 6/8
   576 | D:1      | Reached skill level 4 in Fire Magic
   722 | D:1      | Learned a level 2 spell: Scorch
   920 | D:1      | Found a faded altar of an unknown god.
  1257 | D:2      | Noticed Jessica
  1262 | D:2      | Killed Jessica
  1263 | D:2      | Reached skill level 5 in Fire Magic
  1263 | D:2      | Reached XP level 3. HP: 19/19 MP: 5/9
  1400 | D:2      | Found Viwiy's Assorted Antiques.
  1513 | D:2      | Learned a level 2 spell: Passwall
  1513 | D:2      | Bought a scroll of identify for 32 gold pieces
  2051 | D:2      | Reached XP level 4. HP: 11/24 MP: 6/10
  2505 | D:3      | Reached skill level 6 in Fire Magic
  2513 | D:3      | Reached XP level 5. HP: 3/28 MP: 1/11
  2515 | D:3      | Slain by a hobgoblin

Illustrated notes

Levels and vault maps discovered:
D:1:      dpeg_arrival_pits, layout_loops_ring,
          shapermc_ecumenical_altar_mp_ritualfount
D:2:      layout_loops_corners, serial_shops, nicolae_shop_statue_plus,
          uniq_jessica
D:3:      layout_rooms, lemuel_round_altar, hangedman_ru_absence

Skill      XL: |  1  2  3  4 |
---------------+-------------+-----
Fire Magic     | 5 6 |  6.5
Dodging        | |  2.4
Stealth        | |  2.4
Spellcasting   | |  3.0
Conjurations   | |  1.1

Action                   |  1- 3 |  4- 6 || total
-------------------------+-------+-------++-------
Melee: Dagger            |     2 |     9 ||    11
 Cast: Foxfire           |    41 |    25 ||    66
       Scorch            |     4 |     1 ||     5
       Passwall          |     2 |       ||     2
  Use: Scroll            |     7 |       ||     7
 Stab: Distracted        |     1 |       ||     1
       Sleeping          |     1 |       ||     1
Armor: Robe              |     2 |       ||     2
Dodge: Dodged            |     5 |    11 ||    16
